cohdb
Replays
Latest Replays
All Replays
Popular Replays
Top Player Replays
Match Explorer
How It Works
Community
CoH3 Stats
Reddit
Sign in to upload your games and track your stats! →
Sign in with Steam
Match 42190230
Unlisted
Match 42190230
Overview
Messages
Build Orders
End
Royal Engineer Section
Royal Engineer Section
Vickers Machine Gun Team
Vickers Machine Gun Team
Construct Section Command Post
Construct Platoon Command Post
Selects Indian Artillery Battlegroup
Selects War Cry
Humber Armored Car
Selects Gurkha Rifles Section
Gurkha Rifles Section
Construct Field Infirmary
Gurkha Rifles Section
Infantry Training
Selects Pillage
6-pounder Anti-tank Gun Team
6-pounder Anti-tank Gun Team
Construct Company Command Post
Selects Artillery Saturation
Selects Off-map Airburst Barrage
Selects BL5.5 Artillery Emplacement
Crusader II Medium Tank
Off-map Airburst Barrage
Crusader II Medium Tank
Infantry Section
Construct Field Infirmary
Nostalgi@
♥weiden~ orz
0
0
Comments
sign in to comment!
No comments posted yet!